 Dungeon Crawl Stone Soup version 0.30.0-29-ga12c61a403 (webtiles) character file.

Game seed: 5653156115975997924

20876 qw the Cleaver (level 12, -3/77 HPs)
             Began as a Gargoyle Fighter on June 5, 2023.
             Was a High Priest of Okawaru.
             Slain by Rupert
             ... wielding a +4 vampiric battleaxe
              (20 damage)
             ... on level 2 of the Lair of Beasts.
             The game lasted 00:05:57 (12547 turns).

qw the Cleaver (Gargoyle Fighter)                  Turns: 12547, Time: 00:05:57

Health: -3/77      AC: 33    Str: 30    XL:     12   Next: 84%
Magic:  13/19      EV: 17    Int: 14    God:    Okawaru [*****.]
Gold:   707        SH:  6    Dex: 11    Spells: 11/11 levels left

rFire   + . .        i - +2 war axe
rCold   + . .        c - +0 buckler
rNeg    + . .        m - +7 chain mail "Fuirch" {rCorr Int+4}
rPois   inf          w - +1 helmet
rElec   +            u - scarf {rC+ rF+}
rCorr   +            q - +1 pair of gloves of Beogh's Condemnation {rCorr Dex+2 SInv}
SInv    +            (no boots)
Will    .....        s - amulet of faith Stlth
                     a - +5 ring of evasion
HPRegen 0.32/turn    o - +6 ring of strength
MPRegen 0.16/turn

%: faith
@: about to teleport, heroic, finesse-ful
A: sickness immunity, AC +8, negative energy resistance 1, electricity
resistance, torment resistance 1, petrification resistance
a: Renounce Religion, Heroism, Finesse, Duel


You were on level 2 of the Lair of Beasts.
You worshipped Okawaru.
Okawaru was extremely pleased with you.
You visited 3 branches of the dungeon, and saw 15 of its levels.

You collected 910 gold pieces.
You spent 203 gold pieces at shops.


Innate Abilities, Weirdness & Mutations

You are immune to sickness and miasma.
Your stone body is resilient. (AC +8)
You are immune to poison.
You resist negative energy. (rN+)
You are resistant to electric shocks. (rElec)
You are resistant to unholy torment.
You are immune to petrification.


   Skills:
 - Level 10.0(15.0) Fighting
 + Level 13.2(18.2) Axes
 - Level 2.1(7.1) Throwing
 - Level 7.0(12.0) Armour
 - Level 3.9(8.9) Dodging
 - Level 6.0(11.0) Shields
 - Level 10.0 Invocations


You had 11 spell levels left.
You didn't know any spells.
Your spell library was empty.

Inventory:

Hand Weapons
 i - a +2 war axe (weapon)
 t - a +3 heavy flail
Missiles
 l - 14 boomerangs (quivered)
Armour
 c - a +0 buckler (worn)
 m - the +7 chain mail "Fuirch" (worn) {rCorr Int+4}
   (You took it off a hobgoblin on level 5 of the Dungeon)

   Int:       It affects your intelligence (+4).
   rCorr:     It protects you from acid and corrosion.
 q - the +1 pair of gloves of Beogh's Condemnation (worn) {rCorr Dex+2 SInv}
   (You acquired it on level 7 of the Dungeon)

   Dex:       It affects your dexterity (+2).
   SInv:      It lets you see invisible.
   rCorr:     It protects you from acid and corrosion.
 r - a +0 cloak
 u - a scarf of resistance (worn)
 w - a +1 helmet (worn)
Jewellery
 a - a +5 ring of evasion (left hand)
 o - a +6 ring of strength (right hand)
 p - a ring of protection from cold
 s - an amulet of faith (around neck)
 Y - a ring of protection from fire
Scrolls
 h - 7 scrolls of identify
 n - 3 scrolls of teleportation
Potions
 b - 4 potions of mutation
 d - 2 potions of might
 e - 2 potions of curing
 f - 2 potions of attraction
 g - a potion of resistance
 j - 2 potions of magic
 k - 3 potions of lignification

Dungeon Overview and Level Annotations

Branches:
Dungeon (11/15)            Temple (1/1) D:6            Lair (3/5) D:11
  Swamp (0/4) Lair:3
  Snake: Lair:2-3    Spider: Lair:2-3       Orc: D:9-12

Altars:
Ashenzari
Cheibriados
Dithmenos
Elyvilon
Fedhas
Gozag
Hepliaklqana
Kikubaaqudgha
Makhleb
Nemelex Xobeh
Okawaru
Qazlal
Ru
Sif Muna
Trog
Uskayaw
Vehumet
Wu Jian
Xom
Yredelemnul
Zin
The Shining One

Shops:
D:1 ?[=   D:5 (

Annotations:
Lair:2 Rupert


Message History

Rupert is heavily wounded.
You slice Rupert!!
Rupert is heavily wounded.
Rupert hits you with a +4 vampiric battleaxe!!!
12545 ||| STAIRDANCE Rupert completely misses you.
You climb upwards.
There is a stone staircase leading down here.
Enter note:
Enter note:
Enter note:
Enter note:
Enter note:
Enter note:
Enter note:
Enter note:
Enter note:
Enter note:
Enter note:
Enter note:
Enter note:
Enter note:
Enter note:
Enter note:
Enter note:
Enter note:
Enter note:
Enter note:
Enter note:
Enter note:
Enter note:
Enter note:
Enter note:
Enter note:
Enter note:
12547 ||| READING 4 scrolls of teleportation.
As you read the scroll of teleportation, it crumbles to dust.
You feel strangely unstable.
Rupert hits you with a +4 vampiric battleaxe!!
You die...

.......## ##........#......#
........# #................#
.......## #....##..........#
.......# ##.###....P......#
.......# #..# ##..........#
....#.P######..####....#.....#
...P#.P.#..###.##............#
...............@.............##
...##...........@.............##
...##............##.#.......#.P#
.................#######...#####
........#....##### ##..#
#...#.........# ####
..............# ..............#
.............## #P..P#.##...#.##
###


You could see Rupert (berserk).

Vanquished Creatures
  Snorg (D:11)
  Josephine (D:11)
  A boulder beetle (D:11)
  4 two-headed ogres
  2 oklob plants (D:11)
  2 manticores (D:11)
  A black mamba (Lair:1)
  3 cane toads
  4 kobold demonologists (D:10)
  A komodo dragon (Lair:1)
  5 trolls
  Prince Ribbit (D:8)
  3 blink frogs (Lair:2)
  Sigmund (D:2)
  3 shadows
  4 wyverns
  8 wraiths
  21 yaks
  A basilisk (Lair:1)
  2 steam dragons
  3 vampire mosquitoes (D:10)
  2 acid dragons
  5 water moccasins
  A sky beast (D:7)
  2 black bears (D:6)
  4 orc warriors
  2 ice beasts
  3 wolves (Lair:2)
  3 ogres
  5 centaurs
  2 phantoms
  2 kobold brigands (D:10)
  8 bullfrogs
  3 scorpions
  6 killer bees (D:8)
  4 howler monkeys
  3 jellies
  5 hounds
  6 orc priests
  A gnoll bouda (D:8)
  An iguana (D:4)
  4 orc wizards
  2 sleepcaps
  12 gnolls
  3 adders
  A shadow imp (D:5)
  An ufetubus (D:7)
  A worm (D:2)
  2 dart slugs (D:1)
  45 orcs
  17 endoplasms
  2 giant cockroaches
  11 goblins
  15 hobgoblins
  8 jackals
  4 quokkas
  10 ball pythons
  5 bats
  2 frilled lizards (D:1)
  16 kobolds
  7 rats
308 creatures vanquished.

Vanquished Creatures (others)
  A wyvern (D:9)
1 creature vanquished.

Grand Total: 309 creatures vanquished

Notes
Turn   | Place    | Note
-------+----------+-------------------------------------------
     0 | D:1      | qw the Gargoyle Fighter began the quest for the Orb.
     0 | D:1      | Reached XP level 1. HP: 14/14 MP: 1/1
     0 | D:1      | 0 ||| qw: Version: 0.2-a-108-gee2c290
     0 | D:1      | 0 ||| qw: Game counter: 1329
     0 | D:1      | 0 ||| qw: Always use a shield: true
     0 | D:1      | 0 ||| qw: God list: Okawaru
     0 | D:1      | 0 ||| qw: Allow faded altars: false
     0 | D:1      | 0 ||| qw: Do Orc after D:15 true
     0 | D:1      | 0 ||| qw: Do second Lair branch before Depths: true
     0 | D:1      | 0 ||| qw: Lair rune preference: random
     0 | D:1      | 0 ||| qw: Plans: Normal, Zot:1-4, Slime:5, God:TSO, Crypt,
                  | Tomb, Abyss, Pan, Hells, Win
     0 | D:1      | 0 ||| PLANNING D:1-11
    26 | D:1      | 26 ||| Stepping ~*~*~tactically~*~*~ (stealth).
    31 | D:1      | Reached skill level 2 in Axes
   126 | D:1      | Found Popnoy's Jewellery Emporium.
   162 | D:1      | 162 ||| SHOPLISTING +4 ring of protection (396 gold, have
                  | 56).
   162 | D:1      | 162 ||| SHOPLISTING amulet of reflection (330 gold, have
                  | 56).
   162 | D:1      | 162 ||| SHOPLISTING ring "Dippa" {rC+ Int+3} (421 gold,
                  | have 56).
   162 | D:1      | 162 ||| SHOPLISTING ring of fire (275 gold, have 56).
   162 | D:1      | 162 ||| SHOPLISTING ring of ice (275 gold, have 56).
   162 | D:1      | 162 ||| SHOPLISTING ring of protection from fire (275 gold,
                  | have 56).
   162 | D:1      | 162 ||| SHOPLISTING ring of willpower (275 gold, have 56).
   171 | D:1      | Reached XP level 2. HP: 19/19 MP: 2/2
   272 | D:1      | Found Umioseotas's Armour Shoppe.
   278 | D:1      | 278 ||| SHOPLISTING +1 fire dragon scales (670 gold, have
                  | 76).
   278 | D:1      | 278 ||| SHOPLISTING +1 pair of gloves of dexterity (165
                  | gold, have 76).
   278 | D:1      | 278 ||| SHOPLISTING +5 plate armour "Miffame" {Will++
                  | Dex+5} (795 gold, have 76).
   356 | D:1      | 356 ||| Stepping ~*~*~tactically~*~*~ (hiding).
   580 | D:1      | Reached skill level 3 in Axes
   620 | D:1      | Reached XP level 3. HP: 23/23 MP: 3/3
   630 | D:1      | 630 ||| Stepping ~*~*~tactically~*~*~ (stealth).
   643 | D:1      | Found Kaesketo's Magic Scroll Boutique.
   649 | D:1      | 649 ||| SHOPLISTING scroll of acquirement (520 gold, have
                  | 76).
   649 | D:1      | 649 ||| BUYING scroll of identify (20 gold).
   649 | D:1      | Bought a scroll of identify for 20 gold pieces
   649 | D:1      | 649 ||| BUYING scroll of identify (20 gold).
   649 | D:1      | Bought a scroll of identify for 20 gold pieces
   649 | D:1      | 649 ||| BUYING scroll of identify (20 gold).
   649 | D:1      | Bought a scroll of identify for 20 gold pieces
   649 | D:1      | 649 ||| SHOPLISTING scroll of identify (20 gold, have 16).
   649 | D:1      | 649 ||| SHOPLISTING scroll of teleportation (30 gold, have
                  | 16).
   936 | D:1      | 936 ||| READING 2 scrolls labelled HOMIDE IHOE.
   940 | D:1      | 940 ||| READING scroll labelled EREBOWAFYN.
   941 | D:1      | 941 ||| READING scroll labelled MERISCH OZUPNI.
   942 | D:1      | 942 ||| READING 6 scrolls of identify.
   942 | D:1      | 942 ||| IDENTIFYING murky green potion
   943 | D:1      | 943 ||| READING 5 scrolls of identify.
   943 | D:1      | 943 ||| IDENTIFYING amethyst potion
   944 | D:1      | 944 ||| DROPPING potion of brilliance.
  1000 | D:2      | Reached skill level 1 in Throwing
  1002 | D:2      | 1002 ||| Stepping ~*~*~tactically~*~*~ (stealth).
  1016 | D:2      | Found a sacrificial altar of Ru.
  1028 | D:2      | 1028 ||| Stepping ~*~*~tactically~*~*~ (stealth).
  1030 | D:2      | 1030 ||| Stepping ~*~*~tactically~*~*~ (stealth).
  1108 | D:2      | Noticed Sigmund
  1117 | D:2      | HP: 3/23 [Sigmund/puff of flame (10)]
  1118 | D:2      | 1118 ||| READING scroll of teleportation.
  1119 | D:2      | 1119 ||| DRINKING potion of heal wounds.
  1158 | D:2      | 1158 ||| DROPPING +0 club.
  1207 | D:2      | Killed Sigmund
  1208 | D:2      | Reached skill level 5 in Axes
  1208 | D:2      | Reached XP level 4. HP: 24/28 MP: 4/4
  1208 | D:2      | Reached XP level 5. HP: 28/32 MP: 5/5
  1389 | D:2      | Found a faded altar of an unknown god.
  1480 | D:2      | 1480 ||| UPGRADING to +6 ring of strength.
  1481 | D:2      | 1481 ||| READING scroll labelled XEAQEBBUXKU.
  1482 | D:2      | 1482 ||| READING scroll labelled QIMAOD NARASS.
  1483 | D:2      | 1483 ||| READING scroll labelled ORAOMI DASAOCA.
  1584 | D:2      | 1584 ||| READING 7 scrolls of identify.
  1584 | D:2      | 1584 ||| IDENTIFYING cyan potion
  1585 | D:2      | 1585 ||| READING 6 scrolls of identify.
  1585 | D:2      | 1585 ||| IDENTIFYING red potion
  1650 | D:3      | Reached XP level 6. HP: 37/37 MP: 6/6
  1650 | D:3      | 1650 ||| Stepping ~*~*~tactically~*~*~ (stealth).
  1651 | D:3      | 1651 ||| Stepping ~*~*~tactically~*~*~ (stealth).
  1672 | D:3      | 1672 ||| Stepping ~*~*~tactically~*~*~ (hiding).
  1675 | D:3      | 1675 ||| Stepping ~*~*~tactically~*~*~ (hiding).
  1676 | D:3      | 1676 ||| Stepping ~*~*~tactically~*~*~ (hiding).
  1677 | D:3      | 1677 ||| Stepping ~*~*~tactically~*~*~ (hiding).
  1678 | D:3      | 1678 ||| Stepping ~*~*~tactically~*~*~ (hiding).
  1693 | D:3      | 1693 ||| DROPPING +0 mace.
  1740 | D:3      | 1740 ||| Stepping ~*~*~tactically~*~*~ (stealth).
  1782 | D:3      | 1782 ||| Stepping ~*~*~tactically~*~*~ (stealth).
  1786 | D:3      | 1786 ||| Stepping ~*~*~tactically~*~*~ (stealth).
  1795 | D:3      | Reached skill level 1 in Dodging
  1947 | D:3      | 1947 ||| Stepping ~*~*~tactically~*~*~ (stealth).
  1947 | D:3      | Found a hazy altar of Hepliaklqana.
  1948 | D:3      | 1948 ||| Stepping ~*~*~tactically~*~*~ (stealth).
  1950 | D:3      | 1950 ||| Stepping ~*~*~tactically~*~*~ (stealth).
  2162 | D:3      | 2162 ||| DROPPING +1 whip of venom.
  2321 | D:3      | 2321 ||| READING 2 scrolls labelled DECYKH NUISE.
  2322 | D:3      | 2322 ||| READING 8 scrolls of identify.
  2322 | D:3      | 2322 ||| IDENTIFYING dark potion
  2323 | D:3      | 2323 ||| DROPPING scroll of immolation.
  2324 | D:3      | 2324 ||| DROPPING potion of berserk rage.
  2904 | D:4      | Found a stormy altar of Qazlal.
  2908 | D:4      | Found a shadowy altar of Dithmenos.
  2981 | D:4      | 2981 ||| READING 7 scrolls of identify.
  2981 | D:4      | 2981 ||| IDENTIFYING fuming puce potion
  2982 | D:4      | 2982 ||| READING 6 scrolls of identify.
  2982 | D:4      | 2982 ||| IDENTIFYING coppery potion
  3008 | D:5      | Entered Level 5 of the Dungeon
  3008 | D:5      | Found Vogroy's Antique Weapon Shoppe.
  3010 | D:5      | 3010 ||| STAIRDANCE
  3074 | D:5      | 3074 ||| STAIRDANCE
  3101 | D:5      | 3101 ||| BUYING glowing whip (143 gold).
  3101 | D:5      | Bought a glowing whip for 143 gold pieces
  3101 | D:5      | 3101 ||| SHOPLISTING runed mace (156 gold, have 28).
  3101 | D:5      | 3101 ||| DROPPING +0 whip of draining.
  3183 | D:5      | Reached skill level 6 in Axes
  3183 | D:5      | Reached XP level 7. HP: 43/43 MP: 7/7
  3545 | D:5      | 3545 ||| FLEEEEING.
  3548 | D:5      | 3548 ||| FLEEEEING.
  3549 | D:5      | 3549 ||| FLEEEEING.
  3553 | D:5      | 3553 ||| FLEEEEING.
  3554 | D:5      | 3554 ||| FLEEEEING.
  3555 | D:5      | 3555 ||| FLEEEEING.
  3556 | D:5      | 3556 ||| FLEEEEING.
  3557 | D:5      | 3557 ||| FLEEEEING.
  3559 | D:5      | 3559 ||| FLEEEEING.
  3560 | D:5      | 3560 ||| STAIRDANCE
  3662 | D:4      | 3662 ||| UPGRADING to +0 chain mail.
  3672 | D:4      | 3672 ||| DROPPING +0 scale mail.
  3673 | D:4      | 3673 ||| DROPPING +6 ring of intelligence.
  3682 | D:5      | Reached skill level 7 in Axes
  3761 | D:5      | 3761 ||| Stepping ~*~*~tactically~*~*~ (stealth).
  3762 | D:5      | 3762 ||| Stepping ~*~*~tactically~*~*~ (stealth).
  3986 | D:5      | 3986 ||| Stepping ~*~*~tactically~*~*~ (stealth).
  4060 | D:5      | Reached XP level 8. HP: 35/49 MP: 8/8
  4189 | D:5      | Identified the +7 chain mail "Fuirch" {rCorr Int+4}
  4233 | D:5      | 4233 ||| UPGRADING to +7 chain mail "Fuirch" {rCorr Int+4}.
  4243 | D:5      | 4243 ||| DROPPING +0 chain mail.
  4244 | D:5      | 4244 ||| READING 6 scrolls of identify.
  4244 | D:5      | 4244 ||| IDENTIFYING fuming dark potion
  4289 | D:6      | 4289 ||| Stepping ~*~*~tactically~*~*~ (stealth).
  4296 | D:6      | Reached skill level 8 in Axes
  4322 | D:6      | 4322 ||| Stepping ~*~*~tactically~*~*~ (hiding).
  4332 | D:6      | Reached skill level 6 in Fighting
  4396 | D:6      | Found a staircase to the Ecumenical Temple.
  4397 | D:6      | 4397 ||| PLANNING TEMPLE
  4397 | D:6      | 4397 ||| READING 5 scrolls of identify.
  4397 | D:6      | 4397 ||| IDENTIFYING clear potion
  4398 | D:6      | 4398 ||| DROPPING potion of ambrosia.
  4404 | Temple   | Entered the Ecumenical Temple
  4405 | Temple   | 4405 ||| PLANNING D:1-11
  4498 | D:6      | 4498 ||| DRINKING 2 potions of curing.
  4498 | D:6      | 4498 ||| (to cure confusion)
  4504 | D:6      | Reached skill level 9 in Axes
  4688 | D:6      | 4688 ||| Stepping ~*~*~tactically~*~*~ (hiding).
  4701 | D:6      | Reached XP level 9. HP: 28/55 MP: 9/9
  5107 | D:6      | 5107 ||| READING scroll labelled UMIURE REBIDGHI.
  5146 | D:6      | 5146 ||| READING 4 scrolls of identify.
  5146 | D:6      | 5146 ||| IDENTIFYING viscous amethyst potion
  5706 | D:7      | Found an iron altar of Okawaru.
  5707 | D:7      | 5707 ||| PLANNING OKAWARU WORSHIP
  5839 | D:7      | 5839 ||| UPGRADING to ring of protection from fire.
  5840 | D:7      | 5840 ||| READING scroll labelled CAPAFA ITWI.
  5840 | D:7      | Identified a scroll of acquirement
  5840 | D:7      | 5840 ||| ACQUIRING +1 pair of gloves of Beogh's
                  | Condemnation {rCorr Dex+2 SInv}
  5840 | D:7      | Acquired the +1 pair of gloves of Beogh's Condemnation
                  | {rCorr Dex+2 SInv}
  5841 | D:7      | 5841 ||| READING 4 scrolls of identify.
  5841 | D:7      | 5841 ||| IDENTIFYING glowing dark potion
  5842 | D:7      | 5842 ||| DROPPING potion of degeneration.
  5846 | D:7      | Became a worshipper of Warmaster Okawaru
  5846 | D:7      | 5846 ||| PLANNING D:1-11
  6146 | D:7      | 6146 ||| UPGRADING to +1 pair of gloves of Beogh's
                  | Condemnation {rCorr Dex+2 SInv}.
  6151 | D:7      | 6151 ||| UPGRADING to +0 cloak.
  6156 | D:7      | 6156 ||| READING scroll labelled COETHR TUVE NULLICK.
  6200 | D:8      | Noticed a two-headed ogre
  6209 | D:8      | Killed a two-headed ogre
  6209 | D:8      | Reached * piety under Okawaru
  6210 | D:8      | Reached skill level 3 in Dodging
  6220 | D:8      | 6220 ||| Stepping ~*~*~tactically~*~*~ (hiding).
  6223 | D:8      | 6223 ||| Stepping ~*~*~tactically~*~*~ (hiding).
  6250 | D:8      | 6250 ||| Stepping ~*~*~tactically~*~*~ (stealth).
  6251 | D:8      | 6251 ||| Stepping ~*~*~tactically~*~*~ (stealth).
  6265 | D:8      | Reached skill level 1 in Invocations
  6268 | D:8      | 6268 ||| FLEEEEING.
  6269 | D:8      | 6269 ||| FLEEEEING.
  6270 | D:8      | 6270 ||| FLEEEEING.
  6271 | D:8      | 6271 ||| FLEEEEING.
  6272 | D:8      | 6272 ||| FLEEEEING.
  6275 | D:8      | 6275 ||| FLEEEEING.
  6276 | D:8      | 6276 ||| FLEEEEING.
  6277 | D:8      | 6277 ||| FLEEEEING.
  6278 | D:8      | 6278 ||| FLEEEEING.
  6279 | D:8      | 6279 ||| FLEEEEING.
  6280 | D:8      | 6280 ||| FLEEEEING.
  6282 | D:8      | 6282 ||| STAIRDANCE
  6315 | D:7      | 6315 ||| READING scroll labelled NUTHOR JAGISE.
  6316 | D:7      | 6316 ||| READING scroll labelled OMASKI CAMAMET.
  6319 | D:8      | 6319 ||| STAIRDANCE
  6375 | D:8      | 6375 ||| STAIRDANCE
  6408 | D:8      | 6408 ||| INVOKING Heroism.
  6411 | D:8      | Reached XP level 10. HP: 47/63 MP: 7/11
  6558 | D:8      | 6558 ||| INVOKING Heroism.
  6570 | D:8      | Reached skill level 3 in Invocations
  6643 | D:8      | Noticed Prince Ribbit
  6649 | D:8      | Reached skill level 10 in Axes
  6650 | D:8      | 6650 ||| INVOKING Heroism.
  6672 | D:8      | Killed Prince Ribbit
  6672 | D:8      | Reached ** piety under Okawaru
  6674 | D:8      | 6674 ||| INVOKING Heroism.
  6789 | D:8      | 6789 ||| DROPPING +0 flail.
  6864 | D:8      | 6864 ||| Stepping ~*~*~tactically~*~*~ (stealth).
  6872 | D:8      | 6872 ||| INVOKING Heroism.
  7146 | D:8      | 7146 ||| UPGRADING to amulet of faith.
  7179 | D:9      | Noticed a two-headed ogre
  7180 | D:9      | 7180 ||| INVOKING Heroism.
  7191 | D:9      | Killed a two-headed ogre
  7294 | D:9      | Found an opulent altar of Gozag.
  7341 | D:9      | 7341 ||| INVOKING Heroism.
  7344 | D:9      | Reached *** piety under Okawaru
  7345 | D:9      | Reached skill level 11 in Axes
  7665 | D:9      | Reached XP level 11. HP: 54/69 MP: 14/14
  7989 | D:9      | 7989 ||| READING scroll of enchant weapon.
  7989 | D:9      | 7989 ||| ENCHANTING +1 war axe.
  8009 | D:9      | 8009 ||| INVOKING Heroism.
  8018 | D:9      | Reached skill level 6 in Armour
  8124 | D:9      | Reached skill level 9 in Fighting
  8164 | D:9      | 8164 ||| UPGRADING to +0 helmet.
  8169 | D:9      | 8169 ||| READING scroll labelled FYCWORAMPUH.
  8170 | D:9      | 8170 ||| READING scroll labelled XASAICVU HANUJYLE.
  8171 | D:9      | 8171 ||| READING 6 scrolls of identify.
  8171 | D:9      | 8171 ||| IDENTIFYING bubbling black potion
  8172 | D:9      | 8172 ||| DROPPING potion of flight.
  8177 | D:10     | Entered Level 10 of the Dungeon
  8267 | D:10     | Reached **** piety under Okawaru
  8271 | D:10     | 8271 ||| INVOKING Heroism.
  8388 | D:10     | 8388 ||| Stepping ~*~*~tactically~*~*~ (hiding).
  8395 | D:10     | 8395 ||| INVOKING Heroism.
  8467 | D:10     | 8467 ||| Stepping ~*~*~tactically~*~*~ (stealth).
  8469 | D:10     | 8469 ||| INVOKING Heroism.
  8479 | D:10     | 8479 ||| Stepping ~*~*~tactically~*~*~ (hiding).
  8491 | D:10     | 8491 ||| Stepping ~*~*~tactically~*~*~ (hiding).
  8518 | D:10     | 8518 ||| INVOKING Heroism.
  8837 | D:10     | 8837 ||| INVOKING Heroism.
  8941 | D:10     | Found a white marble altar of Elyvilon.
  8941 | D:10     | Found a shimmering altar of Xom.
  9140 | D:10     | 9140 ||| Stepping ~*~*~tactically~*~*~ (stealth).
  9178 | D:10     | 9178 ||| Stepping ~*~*~tactically~*~*~ (hiding).
  9185 | D:10     | Noticed a sixfirhy
  9202 | D:10     | 9202 ||| INVOKING Heroism.
  9225 | D:10     | Reached skill level 12 in Axes
  9243 | D:10     | Reached skill level 6 in Invocations
  9444 | D:10     | 9444 ||| UPGRADING to +5 ring of evasion.
  9446 | D:10     | 9446 ||| UPGRADING to +6 ring of strength.
  9457 | D:11     | 9457 ||| STAIRDANCE
  9484 | D:11     | Reached skill level 6 in Shields
  9487 | D:11     | Noticed Josephine
  9498 | D:11     | Killed Josephine
  9559 | D:11     | Reached ***** piety under Okawaru
  9619 | D:11     | Noticed an oklob plant
  9620 | D:11     | 9620 ||| INVOKING Heroism.
  9622 | D:11     | Found a staircase to the Lair.
  9623 | D:11     | Noticed an oklob plant
  9643 | D:11     | 9643 ||| INVOKING Heroism.
  9647 | D:11     | Killed an oklob plant
  9648 | D:11     | 9648 ||| INVOKING Finesse.
  9671 | D:11     | Killed an oklob plant
  9671 | D:11     | Received a gift from Okawaru
  9672 | D:11     | Reached XP level 12. HP: 75/77 MP: 11/17
  9768 | D:11     | Noticed a two-headed ogre
  9775 | D:11     | Killed a two-headed ogre
  9789 | D:11     | Noticed a two-headed ogre
  9800 | D:11     | Killed a two-headed ogre
  9947 | D:11     | Noticed Snorg
  9947 | D:11     | Noticed a boulder beetle
  9948 | D:11     | 9948 ||| INVOKING Heroism.
  9949 | D:11     | 9949 ||| INVOKING Finesse.
  9962 | D:11     | Killed Snorg
  9984 | D:11     | Killed a boulder beetle
 10151 | D:11     | 10151 ||| INVOKING Heroism.
 10424 | D:11     | 10424 ||| Stepping ~*~*~tactically~*~*~ (hiding).
 10425 | D:11     | 10425 ||| INVOKING Heroism.
 10433 | D:11     | Reached skill level 9 in Invocations
 10507 | D:11     | 10507 ||| INVOKING Heroism.
 10694 | D:11     | 10694 ||| PLANNING LAIR
 10694 | D:11     | 10694 ||| UPGRADING to scarf of resistance.
 10726 | Lair:1   | Entered Level 1 of the Lair of Beasts
 11141 | Lair:1   | 11141 ||| INVOKING Heroism.
 11246 | Lair:1   | 11246 ||| READING scroll of enchant armour.
 11246 | Lair:1   | 11246 ||| ENCHANTING +0 helmet.
 11943 | Lair:2   | 11943 ||| INVOKING Heroism.
 11944 | Lair:2   | 11944 ||| Stepping ~*~*~tactically~*~*~ (stealth).
 11955 | Lair:2   | Reached skill level 13 in Axes
 11964 | Lair:2   | Received a gift from Okawaru
 11986 | Lair:2   | 11986 ||| Stepping ~*~*~tactically~*~*~ (stealth).
 11988 | Lair:2   | 11988 ||| Stepping ~*~*~tactically~*~*~ (stealth).
 12529 | Lair:3   | Noticed Rupert
 12529 | Lair:3   | Found a staircase to the Swamp.
 12530 | Lair:3   | 12530 ||| INVOKING Heroism.
 12531 | Lair:3   | 12531 ||| INVOKING Finesse.
 12544 | Lair:3   | HP: 16/77 [Rupert/+4 vampiric battleaxe (38)]
 12545 | Lair:3   | 12545 ||| STAIRDANCE
 12547 | Lair:2   | 12547 ||| READING 4 scrolls of teleportation.
 12547 | Lair:2   | Slain by Rupert

Levels and vault maps discovered:
D:1:      dpeg_arrival_rooms_with_view, layout_loops_ring, serial_shops, shop,
          shop, shop, nrook_loot_triangle, minmay_pentomino_o4
D:2:      layout_rooms, basic_altar, ebering_ecumenical_altar_petrified,
          uniq_sigmund
D:3:      layout_basic, nicolae_hepliaklqana_hazy_memory, minivault_11
D:4:      layout_loops_ring, minitemple
D:5:      corexii_shantytown, layout_cave_pools, serial_shops, shop,
          serial_bayou_crossing
D:6:      layout_loops_ring, minmay_temple_entry_grid, grunt_decor_arrowhead
D:7:      layout_basic, hellmonk_okawaru_the_only_friend_you_need
D:8:      layout_cave_pools, uniq_prince_ribbit1
D:9:      layout_irregular_city, mainiacjoe_overflow_cross_hatched
D:10:     layout_long_grid, gammafunk_temple_overflow_elements, special_room
          [special_room_orc]
D:11:     layout_stronghold, dpeg_oklobed_lair, uniq_snorg, uniq_josephine
Temple:   nicolae_temple_no_exploring_needed
Lair:1:   layout_long_grid, nicolae_lair_lil_pond
Lair:2:   layout_gridlike
Lair:3:   layout_loops_ring, swamp_mist, nicolae_spider_entry_non_spiders,
          wad_woods_03, uniq_rupert, uniq_nessos

Skill      XL: |  1  2  3  4  5  6  7  8  9 10 11 12 |
---------------+-------------------------------------+-----
Axes           | 2 3 5 6 7 9 11 12 13 | 13.2
Throwing       | 1 2 |  2.1
Dodging        | 1 3 |  3.9
Fighting       | 4 5 6 7 8 9 10 | 10.0
Shields        | 4 5 6 |  6.0
Armour         | 4 5 7 |  7.0
Invocations    | 1 4 7 10 | 10.0

Action                     |  1- 3 |  4- 6 |  7- 9 | 10-12 || total
---------------------------+-------+-------+-------+-------++-------
  Melee: War axe           |    99 |    81 |   275 |   590 ||  1045
  Throw: Javelin           |    24 |    12 |       |       ||    36
         Boomerang         |     7 |    21 |    38 |    74 ||   140
 Invoke: Heroism           |       |       |     1 |    22 ||    23
         Finesse           |       |       |       |     3 ||     3
    Use: Scroll            |     6 |     9 |     9 |     6 ||    30
         Potion            |     1 |       |     1 |       ||     2
 Armour: Scale mail        |    44 |    33 |    19 |       ||    96
         Chain mail        |       |       |   170 |   289 ||   459
  Dodge: Dodged            |    42 |    35 |   115 |   286 ||   478
  Block: Buckler           |    19 |    15 |    50 |   139 ||   223

Table legend:
 A = Non-vault XP
 B = Vault XP
 C = Vault XP percentage of total XP
 D = Non-vault monster count
 E = Vault monster count
 F = Vault count percentage of total count
                 A         B        C        D         E       F
            +---------+---------+-------+---------+---------+-------
      Total |   24757 |    5067 |  17.0 |     240 |      69 |  22.3
            +---------+---------+-------+---------+---------+-------
        D:1 |      40 |       6 |  13.0 |      23 |       4 |  14.8
        D:2 |      37 |     231 |  86.2 |      15 |       1 |   6.2
        D:3 |      48 |       0 |   0.0 |      18 |       0 |   0.0
        D:4 |     151 |       0 |   0.0 |      18 |       0 |   0.0
        D:5 |     678 |     118 |  14.8 |      19 |      34 |  64.2
        D:6 |    1337 |       0 |   0.0 |      16 |       0 |   0.0
        D:7 |     995 |       0 |   0.0 |      20 |       0 |   0.0
        D:8 |    2152 |     277 |  11.4 |      28 |       1 |   3.4
        D:9 |    3793 |       0 |   0.0 |      18 |       0 |   0.0
       D:10 |    5255 |     873 |  14.2 |      29 |      22 |  43.1
       D:11 |    4690 |    3562 |  43.2 |      10 |       7 |  41.2
     Lair:1 |    2588 |       0 |   0.0 |      11 |       0 |   0.0
     Lair:2 |    2993 |       0 |   0.0 |      15 |       0 |   0.0
            +---------+---------+-------+---------+---------+-------
